 Dungeon Crawl Stone Soup version 0.19.0-11-g3fc08b3 (console) character file.

848 nht the Carver (level 8, 57/61 HPs)
             Began as a Merfolk Gladiator on Nov 9, 2016.
             Quit the game on level 5 of the Dungeon.
             The game lasted 00:12:51 (4883 turns).

nht the Carver (Merfolk Gladiator)                  Turns: 4883, Time: 00:12:52

Health: 57/61      AC:  7    Str: 16    XL:     8   Next: 1%
Magic:  8/8        EV: 14    Int:  7    God:
Gold:   288        SH:  0    Dex: 16    Spells: 0 memorised, 7 levels left

rFire  . . .     SeeInvis .     p - -1 blowgun (curse)
rCold  + . .     Gourm    .     y - +0 leather armour (curse)
rNeg   . . .     Faith    .     (no shield)
rPois  .         Spirit   .     c - +0 helmet
rElec  .         Reflect  .     h - +0 cloak
rCorr  .         Harm     .     (no gloves)
MR     .....                    (no boots)
Stlth  +.........               (no amulet)
                                (no ring)
                                r - +4 ring of protection

@: no status effects
A: change form in water, swift swim, stealthy swim, cold resistance 1, deformed
body, robust 1
a: no special abilities


You were on level 5 of the Dungeon.
You were not hungry.

You visited 1 branch of the dungeon, and saw 5 of its levels.

You collected 288 gold pieces.

Inventory:

Hand Weapons
 a - a +0 long sword
 l - a +0 falchion of holy wrath
 p - a cursed -1 blowgun (weapon)
 t - a +3 dagger
Missiles
 d - a throwing net
 k - 5 poisoned needles (quivered)
 x - 5 javelins
 z - 3 tomahawks
Armour
 c - a +0 helmet (worn)
 h - a +0 cloak (worn)
 w - the +3 leather armour "Deshoq" {rCorr Str+7 Int-3 Dex-2, unknown}
   (You took it off an orc on level 4 of the Dungeon)

   It affects your strength (+7).
   It affects your intelligence (-3).
   It affects your dexterity (-2).
   It protects you from acid and corrosion.
 y - a cursed +0 leather armour (worn)
Jewellery
 r - a +4 ring of protection (left hand)
 u - an uncursed ring of teleportation
Wands
 g - a wand of slowing (29/48)
Scrolls
 b - a scroll of fear
 i - a scroll of teleportation
 j - 4 scrolls of identify
 s - a scroll of immolation
 A - a scroll of fog
Potions
 e - a potion of invisibility
 n - 2 potions of brilliance
Comestibles
 f - 3 bread rations
 m - 2 meat rations
 o - 2 beef jerkies
 q - 3 fruits
 v - a slice of pizza


   Skills:
 - Level 2.1 Fighting
 + Level 10.1 Long Blades
 - Level 2.0 Throwing
 - Level 4.0 Dodging


You had 7 spell levels left.
You didn't know any spells.

Dungeon Overview and Level Annotations

Branches:
Dungeon (5/15)             Temple (0/1) D:5

Altars:
Dithmenos
Hepliaklqana
Okawaru
Qazlal

Shops:
D:4 (:=*[


Innate Abilities, Weirdness & Mutations

You revert to your normal form in water.
You are very nimble and swift while swimming.
You are very stealthy in the water. (Stealth+)
Your flesh is cold resistant. (rC+)
Armour fits poorly on your strangely shaped body.
You are robust. (+10% HP)


Message History

You have reached level 8!
You feel sick.
x - 5 javelins (gained 1);
d - a throwing net;
k - 4 poisoned needles You feel sick.
k - 5 poisoned needles (gained 1)
You open the door.
You feel sick.
There is an open door here.
You feel sick.
As you open the door, it creaks loudly! 3 orcs and an orc wizard come into view.
The orc shouts! x3; The orc wizard shouts!
Found a metal-bound book and a potion of might.
Okay, then.
You feel sick.
There is an open door here.
You feel sick.
You are no longer poisoned.
There is an open door here.
There is an open door here.
Are you sure you want to abandon this character and quit the game? (Confirm with "yes".) █.█ █.████.....█ █. ████████'████ █....'.....██████. █...........█ ██████.....██..... █...........█ ████.███..... █...........█ █)...██..>.. ████████'████ █.█..██..... █o█

████████.█..██..... █.█
█........█..██.....
█.██████.@......█..██.....
█.....oo........█...█.....
████████.......█..........
████████████.█.....
█+█..... .██+██ .. .. ..


You could see 2 orcs.

Vanquished Creatures
  Grinder (D:3)
  A black bear (D:4)
  An ogre (D:4)
  A crimson imp (D:5)
  A hound (D:4)
  3 orc wizards (D:4)
  2 centaur skeletons
  2 worker ants
  8 adders
  2 adder skeletons
  8 worms
  4 dart slugs
  2 leopard geckos
  13 orcs
  4 giant cockroaches
  10 goblins
  17 hobgoblins
  5 jackals
  10 kobolds
  2 quokkas
  7 bats
  4 frilled lizards
  12 rats
120 creatures vanquished.

Notes
Turn   | Place    | Note
-------+----------+-------------------------------------------
     0 | D:1      | nht the Merfolk Gladiator began the quest for the Orb.
     0 | D:1      | Reached XP level 1. HP: 16/16 MP: 1/1
   257 | D:1      | Reached XP level 2. HP: 15/22 MP: 2/2
   329 | D:1      | Reached skill level 4 in Long Blades
   435 | D:1      | Reached XP level 3. HP: 12/27 MP: 3/3
  1004 | D:2      | Reached skill level 5 in Long Blades
  1093 | D:2      | Reached XP level 4. HP: 33/33 MP: 4/4
  1297 | D:2      | Found a shadowy altar of Dithmenos.
  2025 | D:3      | Reached skill level 6 in Long Blades
  2329 | D:3      | Noticed Grinder
  2339 | D:3      | Reached XP level 5. HP: 38/38 MP: 5/5
  2345 | D:3      | Paralysed by Grinder for 6 turns
  2359 | D:3      | Killed Grinder
  2359 | D:3      | Reached skill level 7 in Long Blades
  2359 | D:3      | Reached XP level 6. HP: 12/44 MP: 6/6
  2700 | D:3      | Found a stormy altar of Qazlal.
  2800 | D:3      | Found an iron altar of Okawaru.
  3258 | D:4      | Reached skill level 8 in Long Blades
  3264 | D:4      | Gained mutation: Armour fits poorly on your strangely shaped body. [potion of mutation]
  3264 | D:4      | Gained mutation: You are robust. (+10% HP) [potion of mutation]
  3264 | D:4      | Gained mutation: Your flesh is cold resistant. (rC+) [potion of mutation]
  3265 | D:4      | HP: 2/48 [orc/trident (9)]
  3533 | D:4      | Found Bireugy's Antique Armour Emporium.
  3543 | D:4      | Reached XP level 7. HP: 21/55 MP: 7/7
  3780 | D:4      | Found Azocs's General Store.
  3924 | D:4      | Found Sutut's Jewellery Emporium.
  3994 | D:4      | Found Pigiteqa's Book Shop.
  4006 | D:5      | Entered Level 5 of the Dungeon
  4033 | D:4      | Found Poineidahe's Antique Weapon Boutique.
  4061 | D:4      | Reached skill level 9 in Long Blades
  4109 | D:4      | Got a faintly glowing leather armour
  4447 | D:4      | Found a hazy altar of Hepliaklqana.
  4710 | D:5      | Found a staircase to the Ecumenical Temple.
  4809 | D:5      | Reached skill level 10 in Long Blades
  4853 | D:5      | Reached XP level 8. HP: 57/61 MP: 8/8
  4883 | D:5      | Quit the game

Skill      XL: |  1  2  3  4  5  6  7 |
---------------+----------------------+-----
Long Blades    | 4 5 6 7 8 10 | 10.1
Fighting       | |  2.1
Throwing       | |  2.0
Dodging        | |  4.0

Action                   |  1- 3 |  4- 6 |  7- 9 || total
-------------------------+-------+-------+-------++-------
Melee: Long sword        |    94 |   189 |       ||   283
 Fire: Blowgun           |       |     7 |   169 ||   176
Throw: Javelin           |       |     5 |    46 ||    51
       Tomahawk          |       |       |    25 ||    25
       Throwing net      |       |       |     7 ||     7
  Use: Scroll            |       |    12 |       ||    12
       Potion            |       |    14 |       ||    14
 Stab: Sleeping          |       |     2 |       ||     2
       Invisible         |       |     1 |       ||     1
  Eat: Chunk             |     1 |     7 |     5 ||    13
Armor: Leather armour    |    27 |    37 |    27 ||    91
       Skin              |       |    27 |       ||    27
Dodge: Dodged            |    57 |   147 |   102 ||   306
       Rpst.: Long sword |    22 |    47 |       ||    69
